 Dungeon Crawl Stone Soup version 0.21.1-1-g345015f (webtiles) character file.

18 keltmir the Archer (level 2, -1/29 HPs)
             Began as a Gnoll Wanderer on Apr 8, 2018.
             Slain by a frilled lizard (2 damage)
             ... on level 1 of the Dungeon.
             The game lasted 00:01:38 (277 turns).

keltmir the Archer (Gnoll Wanderer)                  Turns: 277, Time: 00:01:38

Health: -1/29      AC:  2    Str: 11    XL:     2   Next: 66%
Magic:  2/2        EV: 13    Int: 14    God:
Gold:   15         SH:  0    Dex: 17    Spells: 2/2 levels left

rFire    . . .     SeeInvis .   a - +2 shortbow
rCold    . . .     Gourm    .   (shield currently unavailable)
rNeg     . . .     Faith    .   e - +0 robe
rPois    .         Spirit   .   (no helmet)
rElec    .         Reflect  .   (no cloak)
rCorr    .         Harm     .   (no gloves)
MR       .....                  (no boots)
Stlth    ++........             k - amulet of inaccuracy (curse)
HPRegen  0.09/turn              (no ring)
MPRegen  0.08/turn              (no ring)

@: no status effects
A: distributed training, fangs 1, strong nose
a: no special abilities


You were on level 1 of the Dungeon.
You were not hungry.

You visited 1 branch of the dungeon, and saw 1 of its levels.

You collected 15 gold pieces.

Inventory:

Hand Weapons
 a - a +2 shortbow (weapon)
 h - a +0 dagger
Missiles
 b - 16 arrows (quivered)
Armour
 e - a +0 robe (worn)
Jewellery
 k - a cursed amulet of inaccuracy (around neck)
Scrolls
 c - a scroll of teleportation
 i - a scroll of identify {unknown}
 j - a scroll of enchant weapon {unknown}
Potions
 d - a potion of curing
Comestibles
 f - a ration


   Skills:
 + Level 6.5 Fighting
 + Level 0.5 Short Blades
 + Level 0.5 Long Blades
 + Level 0.5 Axes
 + Level 0.5 Maces & Flails
 + Level 0.5 Polearms
 + Level 0.5 Staves
 + Level 0.5 Slings
 + Level 8.5 Bows
 + Level 0.5 Crossbows
 + Level 4.5 Throwing
 + Level 0.5 Armour
 + Level 2.5 Dodging
 + Level 0.5 Stealth
 + Level 0.5 Shields
 + Level 0.5 Unarmed Combat
 + Level 0.5 Spellcasting
 + Level 0.3 Conjurations
 + Level 0.3 Hexes
 + Level 0.3 Charms
 + Level 0.3 Summonings
 + Level 0.3 Necromancy
 + Level 0.3 Translocations
 + Level 0.3 Transmutations
 + Level 0.3 Fire Magic
 + Level 0.3 Ice Magic
 + Level 0.3 Air Magic
 + Level 0.3 Earth Magic
 + Level 0.3 Poison Magic
 + Level 0.6 Invocations
 + Level 0.5 Evocations


You had 2 spell levels left.
You didn't know any spells.

Dungeon Overview and Level Annotations

Branches:
Dungeon (1/15)

Altars:


Innate Abilities, Weirdness & Mutations

Your experience applies equally to all skills.
You have very sharp teeth.
Your uncanny sense of smell can sniff out nearby items.


Message History

The giant cockroach bites you. The rat bites you.
The frilled lizard misses you. The kobold misses you.
A gnoll comes into view. It is wielding a spear.
The giant cockroach bites you but does no damage.
The rat barely misses you. The kobold hits you.
* * * LOW HITPOINT WARNING * * *
The frilled lizard barely misses you. The giant cockroach bites you.
* * * LOW HITPOINT WARNING * * *
The rat barely misses you. The kobold closely misses you.
The frilled lizard misses you. The giant cockroach closely misses you.
The rat bites you but does no damage.
The giant cockroach bites you but does no damage.
The frilled lizard barely misses you. The kobold hits you.
* * * LOW HITPOINT WARNING * * *
The giant cockroach bites you but does no damage.
The rat bites you.
* * * LOW HITPOINT WARNING * * *
The frilled lizard bites you.
You die...

#..... #..... ########
#..... ###....... #.%..#
#......... #....#
♣.♣....... #.###.>..####
#.#.......
.......(.(.♣#♣.♣.♣.....
#####gl.(##.............
......s@.###♣#♣.♣.♣.....
......Kr(# #.#.......
....$....# ♣.♣.......
.........# #.........
.........# ###.......
.♣.♣.♣.♣.# #.......
#.....### #.......
♣.♣.♣. ########


You could see a gnoll, a giant cockroach, a kobold, a frilled lizard and a rat.

Vanquished Creatures
  A leopard gecko (D:1)
  A giant cockroach (D:1)
  5 goblins (D:1)
  2 bats (D:1)
  3 kobolds (D:1)
  3 rats (D:1)
15 creatures vanquished.

Notes
Turn   | Place    | Note
-------+----------+-------------------------------------------
     0 | D:1      | keltmir the Gnoll Wanderer began the quest for the Orb.
     0 | D:1      | keltmir set off with: a +2 shortbow, 19 arrows, a scroll of teleportation, a potion of curing, a +0 robe, a ration
     0 | D:1      | Reached XP level 1. HP: 23/23 MP: 1/1
    30 | D:1      | Reached XP level 2. HP: 29/29 MP: 2/2
   276 | D:1      | HP: 1/29 [kobold (4)]
   277 | D:1      | Slain by a frilled lizard

Action                   || total
-------------------------++-------
 Fire: Shortbow          ||    28
Armor: Robe              ||    12
Dodge: Dodged            ||    48
